Map: [ESL] Dragon Scales

Players

Dark

  • Race: Zerg Zerg
  • Spawn Location: 5:00

Solar - Winner!

  • Race: Zerg Zerg
  • Spawn Location: 11:00

Event: ESL SC2 Masters 2023 Summer (Finals)

VOD

Have the link to the VOD?

Description

Time

  • Played on: June 18, 2023, 5:52 a.m.
  • Length: 13:05

All games in this series

Show
View Real Time Build Order
Export as new Build Order

Dark Zerg 

Build Orders: Hatch First 

Get SALT Encoding   

  12  0:00  Drone  
  13  0:12  Overlord  
  13  0:17  Drone  
  14  0:30  Drone  
  14  0:31  Drone  
  16  0:47  Hatchery  
  15  0:51  Drone  
  15  0:54  Drone  
  17  0:57  Drone  
  18  1:08  Extractor  
  17  1:13  Spawning Pool  
  17  1:15  Drone  
  17  1:18  Drone  
  18  1:27  Drone  
  19  1:38  Drone  
  20  1:49  Drone  
  21  2:00  Queen x2  
  21  2:01  Overlord, Zergling x2  
  26  2:10  Drone  
  26  2:11  Drone  
  26  2:12  Metabolic Boost  
  28  2:22  Drone x2  
  30  2:34  Hatchery  
  30  2:36  Drone  
  30  2:40  Drone  
  31  2:45  Queen  
  31  2:51  Baneling Nest  
  32  2:56  Overlord  
  32  2:58  Drone  
  32  3:03  Drone  
  32  3:05  Drone, Zergling x2  
  36  3:14  Drone  
  36  3:15  Drone x3  
  36  3:17  Zergling x2  
  36  3:19  Zergling x2  
  42  3:24  Overlord  
  42  3:26  Zergling x2  
  43  3:28  Zergling x2  
  44  3:34  Baneling  
  44  3:35  Baneling  
  44  3:36  Evolution Chamber  
  44  3:39  Drone  
  44  3:41  Overlord  
  44  3:42  Overlord  
  44  3:44  Drone x4  
  44  3:47  Baneling x2  
  48  3:54  Drone x2  
  48  3:55  Drone x2  
  52  4:02  Zerg Missile Weapons Level 1  
  52  4:08  Drone x2  
  54  4:17  Zergling x4  
  54  4:18  Hatchery  
  55  4:25  Extractor  
  55  4:26  Extractor  
  55  4:27  Drone, Roach Warren  
  53  4:31  Drone x2  
  53  4:37  Drone x3  
  57  4:46  Overlord  
  57  4:48  Overlord  
  57  4:52  Spine Crawler  
  56  4:53  Spine Crawler x3  
  56  4:56  Extractor  
  51  5:04  Evolution Chamber  
  51  5:07  Roach x5  
  60  5:09  Baneling x2  
  60  5:11  Roach  
  60  5:12  Lair  
  62  5:17  Roach x2  
  62  5:20  Evolution Chamber  
  66  5:23  Roach x3  
  69  5:30  Drone  
  69  5:31  Drone  
  71  5:36  Drone x2  
  71  5:37  Drone  
  74  5:47  Drone  
  74  5:48  Drone  
  76  5:54  Baneling x2  
  76  5:55  Baneling  
  76  5:57  Hatchery  
  76  6:01  Roach x2  
  79  6:10  Drone x4  
  83  6:13  Spire  
  83  6:16  Overlord  
  82  6:20  Overlord  
  82  6:22  Drone  
  82  6:23  Overlord  
  82  6:25  Overseer  
  83  6:36  Drone x2  
  83  6:37  Drone x2  
  83  6:39  Drone  
  88  6:40  Drone  
  88  6:43  Drone  
  90  6:51  Extractor  
  90  6:52  Extractor, Drone x3  
  90  6:53  Drone  
  92  7:02  Drone x3  
  95  7:16  Overlord  
  95  7:21  Overlord  
  95  7:23  Drone x2  
  95  7:27  Mutalisk x5  
  95  7:29  Hatchery, Zerg Flyer Weapons Level 1  
  106  7:33  Mutalisk x3  
  112  7:37  Mutalisk  
  112  7:41  Mutalisk x2  
  118  7:48  Mutalisk  
  120  7:53  Mutalisk  
  120  7:55  Drone x5  
  127  8:04  Drone x2  
  127  8:05  Spore Crawler, Infestation Pit  
  128  8:06  Spore Crawler  
  128  8:07  Spore Crawler  
  125  8:15  Overlord  
  125  8:16  Overlord x2  
  125  8:26  Overlord  
  120  8:29  Spore Crawler  
  120  8:31  Overlord  
  119  8:34  Queen  
  119  8:39  Overlord x2, Mutalisk  
  120  8:44  Queen x2, Overlord  
  120  8:46  Spore Crawler  
  120  8:47  Pathogen Glands  
  120  8:48  Mutalisk x2  
  127  8:56  Mutalisk x3  
  127  9:02  Mutalisk x2  
  137  9:06  Drone  
  140  9:11  Infestor  
  140  9:16  Infestor  
  105  9:33  Drone  
  105  9:34  Drone x6  
  105  9:38  Infestor x2  
  103  9:43  Infestor  
  107  9:51  Mutalisk  
  109  9:53  Zergling x22  
  120  10:01  Spore Crawler  
  120  10:02  Spore Crawler, Infestor  
  120  10:05  Mutalisk  
  122  10:08  Zergling x2  
  101  10:35  Queen x3  
  85  10:51  Drone x4  
  85  10:54  Infestor x5  
  91  11:02  Roach x3  
  97  11:05  Roach x2  
  97  11:11  Queen  
  101  11:18  Roach x6  
  105  11:21  Roach  
  104  11:28  Queen  
  101  11:35  Roach  
  101  11:36  Roach x2  
  101  11:42  Spore Crawler  
  101  11:43  Roach x2  
  101  11:46  Roach  
  106  11:47  Roach  
  106  11:53  Queen  
  108  11:54  Infestor  
  108  11:59  Drone  
  109  12:02  Drone x2  
  111  12:12  Infestor  
  113  12:21  Roach x2  
  113  12:22  Roach  
  121  12:27  Roach x2  
  125  12:37  Roach x2  
  125  12:38  Roach x2  
  125  12:41  Roach x3  
  137  12:45  Ravager x2  
Show
View Real Time Build Order
Export as new Build Order

Solar Zerg - Winner!

Build Orders: Hatch First 

Get SALT Encoding   

  12  0:00  Drone  
  13  0:12  Overlord  
  13  0:17  Drone  
  14  0:31  Drone x2  
  16  0:48  Hatchery  
  15  0:51  Drone  
  15  0:55  Drone  
  17  0:58  Drone  
  18  1:09  Extractor  
  17  1:14  Spawning Pool  
  17  1:16  Drone  
  17  1:20  Drone  
  18  1:28  Drone  
  19  1:38  Drone  
  20  1:50  Drone  
  21  2:00  Queen x2  
  25  2:01  Zergling x2  
  25  2:02  Overlord  
  26  2:09  Metabolic Boost  
  26  2:12  Drone x2  
  28  2:23  Drone x2  
  30  2:33  Zergling x2  
  30  2:36  Hatchery  
  30  2:39  Drone  
  30  2:44  Drone, Overlord  
  32  2:54  Zergling x4  
  34  3:08  Zergling x16  
  42  3:14  Roach Warren  
  42  3:17  Drone  
  42  3:19  Drone  
  43  3:27  Overlord  
  43  3:28  Overlord  
  43  3:38  Drone  
  44  3:42  Overlord  
  44  3:48  Queen  
  43  3:49  Drone  
  43  3:50  Drone  
  47  3:55  Roach  
  47  3:56  Roach x2  
  47  3:59  Roach  
  55  4:04  Roach  
  55  4:08  Roach x2  
  61  4:12  Roach  
  63  4:18  Roach x2  
  63  4:21  Overlord  
  63  4:23  Roach  
  69  4:28  Overlord  
  69  4:30  Roach  
  70  4:37  Zergling x6  
  72  4:40  Zergling x4  
  74  4:47  Zergling x8  
  74  4:50  Zergling x2  
  79  4:57  Zergling x4  
  82  5:01  Overlord  
  82  5:03  Drone  
  81  5:07  Drone x4  
  81  5:13  Extractor, Lair  
  84  5:16  Drone  
  84  5:18  Drone  
  86  5:21  Drone  
  86  5:22  Drone  
  86  5:24  Drone  
  86  5:26  Drone  
  87  5:30  Drone x3  
  87  5:32  Drone  
  89  5:36  Extractor, Overlord  
  89  5:39  Drone  
  89  5:41  Extractor  
  88  5:43  Drone  
  88  5:45  Drone, Evolution Chamber  
  88  5:47  Drone  
  90  5:51  Drone x2  
  90  5:53  Drone x2  
  94  5:58  Drone x2  
  94  6:02  Drone x3  
  94  6:03  Drone x2  
  99  6:06  Overlord  
  99  6:08  Drone  
  99  6:10  Drone  
  99  6:11  Drone  
  102  6:13  Extractor  
  102  6:16  Overseer  
  101  6:20  Spire  
  101  6:22  Glial Reconstitution  
  101  6:23  Extractor  
  101  6:25  Drone x2  
  101  6:28  Drone x2  
  101  6:31  Drone x2  
  104  6:34  Drone x2  
  104  6:37  Drone  
  104  6:38  Drone x2  
  109  6:40  Overlord  
  109  6:45  Overlord  
  108  6:48  Zerg Melee Weapons Level 1  
  108  6:49  Overlord  
  108  6:51  Overlord  
  108  6:53  Overlord  
  108  6:56  Overlord  
  108  6:59  Overlord  
  107  7:09  Hatchery  
  103  7:24  Drone x2  
  105  7:32  Mutalisk x9  
  105  7:35  Extractor, Mutalisk  
  123  7:38  Extractor  
  123  7:40  Zerg Flyer Weapons Level 1  
  122  7:45  Drone x2  
  122  7:47  Mutalisk  
  122  7:49  Overlord x2  
  126  7:53  Zergling x6  
  126  7:57  Mutalisk  
  126  7:58  Mutalisk  
  131  8:04  Mutalisk  
  135  8:10  Mutalisk  
  137  8:14  Mutalisk  
  138  8:23  Mutalisk  
  139  8:27  Zergling x22  
  139  8:28  Zergling x8  
  139  8:33  Mutalisk x2  
  158  8:38  Queen  
  155  8:41  Mutalisk x2  
  155  8:46  Mutalisk  
  162  8:48  Zergling x4  
  162  8:53  Mutalisk  
  162  8:55  Overlord  
  165  8:59  Mutalisk  
  165  9:02  Hatchery, Mutalisk  
  165  9:06  Mutalisk  
  169  9:10  Mutalisk  
  171  9:21  Mutalisk x2  
  163  9:28  Mutalisk x2  
  141  9:34  Zergling x20  
  141  9:38  Zerg Flyer Armor Level 1  
  145  9:40  Mutalisk  
  145  9:42  Zergling x12  
  153  9:46  Mutalisk  
  153  9:49  Mutalisk  
  153  9:50  Extractor  
  153  9:51  Extractor  
  154  9:53  Mutalisk  
  154  9:57  Mutalisk  
  154  9:59  Zergling x8  
  162  10:07  Drone x3  
  162  10:08  Mutalisk x2  
  162  10:10  Mutalisk  
  162  10:13  Zergling x4  
  162  10:14  Zergling x2  
  166  10:23  Mutalisk x2  
  166  10:27  Mutalisk x2  
  145  10:30  Zergling x8  
  145  10:35  Mutalisk x2  
  127  10:39  Mutalisk  
  116  10:44  Zergling x8  
  116  10:48  Mutalisk  
  116  10:49  Mutalisk  
  111  10:51  Mutalisk  
  112  10:57  Roach x2  
  112  10:59  Mutalisk  
  112  11:02  Mutalisk  
  120  11:04  Mutalisk  
  120  11:08  Mutalisk  
  124  11:15  Roach  
  124  11:16  Roach x3  
  125  11:19  Roach  
  125  11:20  Roach  
  125  11:22  Roach  
  125  11:24  Roach  
  125  11:26  Roach  
  125  11:28  Roach  
  125  11:31  Roach  
  125  11:32  Roach  
  130  11:34  Roach  
  130  11:38  Roach x2  
  126  11:41  Roach  
  122  11:50  Roach x4  
  122  11:53  Roach x2  
  130  11:56  Mutalisk  
  130  11:59  Roach  
  130  12:01  Roach  
  136  12:03  Ravager x5  
  136  12:06  Ravager x3  
  144  12:09  Roach  
  144  12:10  Roach  
  144  12:12  Roach  
  150  12:16  Roach x2  
  150  12:17  Roach  
  150  12:19  Roach  
  150  12:21  Roach  
  150  12:22  Roach  
  162  12:25  Roach  
  162  12:27  Roach x2  
  162  12:29  Roach  
  170  12:30  Roach  
  170  12:33  Roach  
  170  12:36  Roach x2  
  176  12:39  Roach x2  
  176  12:42  Roach x2  
  184  12:44  Roach  
Tags
 
Add a new tag
Caveats
  • Supply blocks, unpowered buildings, or Contaminate may cause inaccurate times.
  • Supply counts are checked every 10 seconds.